 Dungeon Crawl Stone Soup version 0.29-a0-284-gf9362112df (webtiles) character file.

Game seed: 6755504257774515319

1198 Dabor the Skirmisher (level 8, -3/141 HPs)
             Began as a Demonspawn Berserker on Mar 15, 2022.
             Was an Elder of Trog.
             Slain by a troll (7 damage)
             ... on level 5 of the Dungeon.
             The game lasted 00:12:13 (7428 turns).

Dabor the Skirmisher (Demonspawn Berserker)         Turns: 7428, Time: 00:12:14

Health: -3/141     AC: 24    Str: 19    XL:     8   Next: 20%
Magic:  0/8        EV:  2    Int:  9    God:    Trog [****..]
Gold:   276        SH:  0    Dex: 13    Spells: 7/7 levels left

rFire   . . .      SeeInvis .   c - +0 whip (elec)
rCold   . . .      Faith    .   (no shield)
rNeg    . . .      Spirit   +   (body armour currently unavailable)
rPois   +          Reflect  .   (helmet currently unavailable)
rElec   .          Harm     .   (cloak currently unavailable)
rCorr   .          Rampage  .   (gloves currently unavailable)
Will    .....      NoTele   +   (boots currently unavailable)
Stlth   ..........              l - amulet of guardian spirit
HPRegen 0.33/turn               (no ring)
MPRegen 0.11/turn               (no ring)

@: berserking, tree-form, very quick
A: stationary, stasis, torment immunity, boosted hp, (large bone plates 1),
ignite blood 3, (weakness stinger 1)
a: Renounce Religion, Berserk, Trog's Hand, Brothers in Arms


You were on level 5 of the Dungeon.
You worshipped Trog.
Trog was greatly pleased with you.
You were a tree.
You visited 2 branches of the dungeon, and saw 6 of its levels.
You also visited: Sewer.

You collected 276 gold pieces.

Inventory:

Hand Weapons
 a - a +0 hand axe
 c - a +0 whip of electrocution (weapon)
 x - a +2 shortbow of flaming
Armour
 d - a scarf of resistance (melded)
 e - a +0 pair of gloves (melded)
 p - a +0 scale mail
 v - a +0 crystal plate armour (melded)
Jewellery
 l - an amulet of guardian spirit (around neck)
Wands
 D - a wand of charming (9)
Scrolls
 b - 5 scrolls of blinking
 h - a scroll of vulnerability
 j - 2 scrolls of enchant armour
 m - 3 scrolls of identify
 n - 3 scrolls of teleportation {unknown}
 o - a scroll of summoning {unknown}
 q - a scroll of holy word {unknown}
 r - a scroll of immolation {unknown}
 u - 2 scrolls of amnesia {unknown}
 w - a scroll of torment {unknown}
 y - 2 scrolls of enchant weapon {unknown}
 B - a scroll of fog {unknown}
Potions
 f - 2 potions of curing {unknown}
 k - a potion of haste {unknown}
 s - a potion of degeneration {unknown}
 t - a potion of flight {unknown}
 z - a potion of ambrosia {unknown}
 A - a potion of resistance {unknown}
 C - a potion of cancellation {unknown}
Miscellaneous
 g - a tin of tremorstones (2/2)


   Skills:
 * Level 5.6 Fighting
 * Level 5.0 Axes
 * Level 4.6 Armour
 * Level 4.6 Dodging
 + Level 1.9 Evocations


You had 7 spell levels left.
You didn't know any spells.
Your spell library was empty.

Dungeon Overview and Level Annotations

Branches:
Dungeon (5/15)             Temple (1/1) D:5           Sewer (visited)

Altars:
Zin
The Shining One


Innate Abilities, Weirdness & Mutations

You are a tree.
Your roots penetrate the ground, keeping you stationary.
You cannot be teleported.
You are immune to unholy pain and torment.
Your maximum health is greatly increased.
Your equipment is partially melded.
((You are partially covered in large bone plates. (SH +4)))
Your demonic aura causes all spilled blood to erupt in flames.
((You have a small tail.))


Message History

The troll claws you but does no damage.
You are too injured to fight recklessly!
You are too injured to fight recklessly!
You barely miss the troll. You punch the troll, but do no damage.
The troll is severely wounded.
The troll bites you!
* * * LOW HITPOINT WARNING * * *
The troll claws you.
* * * LOW HITPOINT WARNING * * *
The troll claws you but does no damage.
You hit the troll.
The troll is severely wounded.
The troll barely misses you.
The troll claws you but does no damage. x2
You barely miss the troll.
The troll is severely wounded.
The troll bites you but does no damage. The troll claws you.
* * * LOW HITPOINT WARNING * * *
The troll claws you but does no damage.
You barely miss the troll.
The troll is severely wounded.
The troll bites you!
* * * LOW HITPOINT WARNING * * *
The troll barely misses you. You block the troll's attack.
The troll attacks as you move away! The troll bites you but does no damage.
The troll claws you but does no damage. The troll claws you.
* * * LOW HITPOINT WARNING * * *
Really quaff the potion of lignification?
You turn into a tree.
Your scarf of resistance melds into your body.
Your +0 pair of gloves melds into your body.
Your +0 crystal plate armour melds into your body.
You feel hot and cold all over.
Your roots penetrate the ground.
You barely miss the troll.
The troll is severely wounded.
The troll bites you but does no damage.
The troll claws you but does no damage. x2
A red film seems to cover your vision as you go berserk!
You feel yourself moving faster!
You feel mighty! The troll bites you but does no damage.
The troll claws you but does no damage. The troll claws you!
You die...

#.###..##.#.###.###.#### #.# #.#
#..##.#.........## #.# #.#
#.....#.###.##...# ##'## #.#
##.#..#.# #......# ##...##
#.####......######...# ##.....##
#.........##........## ##.......#
###......###.####...####.........
.................○.....'.........
###...######.##.♣T..####<........
#..## #.##.##..# ##.......# #.##
#.##.###.# ##.....## #.#
#.##.###.# ##...## #.# #........#
##+## #.# ####.##### #.# #.# #.#
#.# ###.# #.# ##.#### ....# #.#
##......


You could see a troll.

Vanquished Creatures
  An ogre (D:5)
  A black bear (D:3)
  An ice beast (D:5)
  A centaur (D:4)
  2 phantoms (D:4)
  2 bullfrogs (Sewer)
  3 scorpions
  2 hounds (D:5)
  An iguana (D:5)
  3 orc wizards
  7 adders
  An ufetubus (D:5)
  3 worms (D:3)
  3 dart slugs
  11 orcs
  19 endoplasms
  12 giant cockroaches
  10 hobgoblins
  9 jackals
  4 kobolds
  10 quokkas
  18 ball pythons
  9 bats
  9 frilled lizards
  7 goblins
  5 rats
154 creatures vanquished.

Notes
Turn   | Place    | Note
-------+----------+-------------------------------------------
     0 | D:1      | Dabor the Demonspawn Berserker began the quest for the Orb.
     0 | D:1      | Reached XP level 1. HP: 18/18 MP: 1/1
   304 | D:1      | Gained mutation: Your demonic aura sometimes causes spilled
                  | blood to erupt in flames. [demonic ancestry]
   304 | D:1      | Reached XP level 2. HP: 13/24 MP: 2/2
  1019 | D:1      | Reached ** piety under Trog
  1021 | D:1      | Gained mutation: Your demonic aura often causes spilled
                  | blood to erupt in flames. [demonic ancestry]
  1021 | D:1      | Reached XP level 3. HP: 29/29 MP: 3/3
  1672 | D:2      | Found a faded altar of an unknown god.
  1913 | D:2      | Reached XP level 4. HP: 33/35 MP: 4/4
  2285 | D:3      | Noticed a black bear
  2305 | D:3      | Killed a black bear
  2306 | D:3      | Gained mutation: You have a small tail. [demonic ancestry]
  2306 | D:3      | Reached XP level 5. HP: 21/42 MP: 1/5
  2569 | D:3      | Found a glowing drain.
  2574 | D:3      | Reached *** piety under Trog
  2590 | Sewer    | Entered a sewer
  2952 | Sewer    | Reached XP level 6. HP: 47/48 MP: 6/6
  3205 | Sewer    | Reached **** piety under Trog
  4387 | D:4      | Gained mutation: You are partially covered in large bone
                  | plates. (SH +4) [demonic ancestry]
  4387 | D:4      | Reached XP level 7. HP: 20/55 MP: 4/7
  4769 | D:4      | Reached skill level 1 in Evocations
  4892 | D:4      | Reached skill level 5 in Fighting
  5700 | D:5      | Entered Level 5 of the Dungeon
  5855 | D:5      | Gained mutation: Your demonic aura causes all spilled blood
                  | to erupt in flames. [demonic ancestry]
  5855 | D:5      | Reached XP level 8. HP: 45/63 MP: 6/8
  6269 | D:5      | Found a staircase to the Ecumenical Temple.
  6335 | Temple   | Entered the Ecumenical Temple
  6349 | D:5      | Reached skill level 5 in Axes
  6860 | D:5      | Noticed a kobold demonologist
  6861 | D:5      | Noticed a troll
  7425 | D:5      | HP: 1/63 [troll (5)]
  7428 | D:5      | Slain by a troll

Illustrated notes

Levels and vault maps discovered:
D:1:      nzn_arrival_crosshair, layout_basic, minmay_misc_feat_tiny,
          minmay_fountain_box
D:2:      layout_loops_ring, hellmonk_ecumenical_altar_slurped_away,
          basic_altar, minmay_tetromino_l2
D:3:      layout_basic, cheibrodos_sewer_entry_bend
D:4:      wander_river, layout_loops_ring, lemuel_coloured_pillars_altar,
          minmay_misc_feat_doors, minivault_4, minmay_misc_feat_hallway
D:5:      layout_loops_corners, minmay_temple_entry_stoned_glass,
          minmay_small_thing
Temple:   mainiacjoe_temple_starburst

Skill      XL: |  1  2  3  4  5  6  7  8 |
---------------+-------------------------+-----
Armour         | 2 3 4 |  4.6
Dodging        | 2 3 4 |  4.6
Axes           | 3 4 5 |  5.0
Fighting       | 4 5 |  5.6
Evocations     | 1 |  1.9

Action                   |  1- 3 |  4- 6 |  7- 9 || total
-------------------------+-------+-------+-------++-------
Melee: Whip              |   131 |   248 |   146 ||   525
       Hand axe          |     9 |       |       ||     9
       Punch             |     1 |       |     3 ||     4
       Tailslap          |       |    22 |    21 ||    43
 Fire: Shortbow          |       |       |     3 ||     3
Invok: Berserk           |       |       |     1 ||     1
  Use: Potion            |     1 |     1 |     1 ||     3
       Scroll            |       |     4 |       ||     4
 Stab: Sleeping          |     1 |       |       ||     1
Armor: Animal skin       |    31 |       |       ||    31
       Scale mail        |       |   124 |       ||   124
       Crystal plate arm |       |    19 |    97 ||   116
       Skin              |       |    19 |     5 ||    24
Dodge: Dodged            |    91 |   165 |    23 ||   279
Block: Other             |       |       |    19 ||    19

Table legend: (Time is in decaauts)
 A = Elapsed time spent in this place.
 B = Non-inter-level travel time spent in this place.
 C = Inter-level travel time spent in this place.
 D = Time resting spent in this place.
 E = Time spent auto-exploring this place.
 F = Levels seen in this place.
 G = Mean time per level.
                   A        B        C        D        E       F      G
               +--------+--------+--------+--------+--------+-----+--------+
         Total |   7561 |   7089 |    472 |   1130 |   4546 |   7 | 1080.1 |
       Dungeon |   6445 |   5973 |    472 |    642 |   4264 |   5 | 1289.0 |
        Temple |      1 |      1 |      0 |      0 |      0 |   1 |    1.0 |
         Sewer |   1113 |   1113 |      0 |    488 |    281 |   1 | 1113.0 |
               +--------+--------+--------+--------+--------+-----+--------+

Top non-repeatable levels by time:
     D:5: 1722 daAuts
     D:4: 1417 daAuts
     D:1: 1334 daAuts
   Sewer: 1113 daAuts
     D:3: 1088 daAuts
     D:2: 882 daAuts
  Temple: 1 daAuts
